 Dungeon Crawl Stone Soup version 0.29.0-4-gdea44cf6ec (webtiles) character file.

Game seed: 14401495184746725220

318 qw the Chopper (level 6, -4/38 HPs)
             Began as a Gargoyle Delver on Sept 10, 2022.
             Slain by a gnoll bouda
             ... wielding a +0 club
              (8 damage)
             ... on level 3 of the Dungeon.
             The game lasted 00:00:25 (1731 turns).

qw the Chopper (Gargoyle Delver)                    Turns: 1731, Time: 00:00:26

Health: -4/38      AC:  7    Str: 17    XL:     6   Next: 45%
Magic:  6/6        EV: 11    Int: 11    God:
Gold:   47         SH:  0    Dex: 11    Spells: 5/5 levels left

rFire   . . .      SeeInvis .   Y - +0 hand axe
rCold   . . .      Faith    .   (no shield)
rNeg    + . .      Spirit   .   b - +0 leather armour
rPois   inf        Reflect  .   (no helmet)
rElec   +          Harm     .   (no cloak)
rCorr   .          Rampage  .   (no gloves)
Will    .....                   (no boots)
Stlth   +++.......              (no amulet)
HPRegen 0.12/turn               (no ring)
MPRegen 0.10/turn               (no ring)

@: weakened
A: sickness immunity, AC +4, negative energy resistance 1, electricity
resistance, torment resistance 1, petrification resistance
a: no special abilities


You were on level 3 of the Dungeon.
You visited 1 branch of the dungeon, and saw 3 of its levels.

You collected 47 gold pieces.


Innate Abilities, Weirdness & Mutations

You are immune to sickness and miasma.
Your stone body is resilient. (AC +4)
You are immune to poison.
You resist negative energy. (rN+)
You are resistant to electric shocks. (rElec)
You are resistant to unholy torment.
You are immune to petrification.


   Skills:
 - Level 4.0 Fighting
 + Level 5.7 Axes
 - Level 1.5 Dodging
 - Level 5.4 Stealth


You had 5 spell levels left.
You didn't know any spells.
Your spell library was empty.

Inventory:

Hand Weapons
 i - a +0 flail
 Y - a +0 hand axe (weapon)
Missiles
 h - 5 boomerangs (quivered)
Armour
 b - a +0 leather armour (worn)
 c - a +0 ring mail
Wands
 g - a wand of digging (3)
Scrolls
 a - a scroll of identify {unknown}
Potions
 f - 2 potions of haste
 j - a potion of might {unknown}

Dungeon Overview and Level Annotations

Branches:
Dungeon (5/15)
 Temple: D:4-7

Altars:


Message History

A gnoll comes into view. It is wielding a +0 halberd.
The gnoll bouda shouts!
You hear a shout! x2
A gnoll comes into view. It is wielding a +0 flail. x2
You closely miss the gnoll bouda.
The gnoll bouda hits you with a +0 club!
You hit the gnoll bouda but do no damage.
You hit the gnoll. The gnoll hits you but does no damage.
The gnoll bouda hits you with a +0 club.
You hit the gnoll.
The gnoll is moderately wounded.
You hit the gnoll bouda but do no damage.
The gnoll bouda calls upon its god to heal the gnoll.
The gnoll's wounds heal themselves!
The gnoll hits you from afar with a +0 halberd.
The gnoll hits you with a +0 club.
You hear a shout!
You barely miss the gnoll bouda. You closely miss the gnoll.
The gnoll barely misses you. The gnoll hits you with a +0 club.
A gnoll comes into view. It is wielding a +0 whip.
A kobold comes into view. It is wielding a +0 dagger.
You hit the gnoll bouda.
The gnoll bouda is moderately wounded.
You hit the gnoll.
The gnoll hits you from afar with a +0 halberd!
The gnoll closely misses you.
The gnoll bouda gazes fiercely through you!
You feel your attacks grow feeble.
The gnoll bouda hits you with a +0 club!
The gnoll barely misses you.
The gnoll bouda barks out a call to the hunt!
The gnolls pick up the pace!
The gnoll hits you with a +0 club.
You hit the gnoll bouda but do no damage.
The gnoll bouda is moderately wounded.
You barely miss the gnoll. You hit the gnoll but do no damage.
The gnoll barely misses you. The gnoll closely misses you.
The gnoll completely misses you.
The gnoll bouda hits you with a +0 club!
You die...

# .. ...?... ##.
#.##....... .....##### .#
.........
.....#...####.###........
...%......#...##.......#
.........>..####).....##.
............#............
.....................##.#
................@gg..# #
.............#.gg....#
...%...........gg###)#
...........#...#.# .#
....#............. ..
..#......#.####)K.. ..
.####.....|# ##.. .. .
#####..)#####... .
.....%..........


You could see a gnoll bouda, 5 gnolls and a kobold.

Vanquished Creatures
  Grinder (D:4)
  A hound (D:4)
  2 orc priests (D:4)
  A worm (D:4)
  3 orcs
  A bat (D:3)
  An endoplasm (D:4)
  A goblin (D:3)
  3 jackals (D:4)
  A kobold (D:3)
  2 quokkas
  A rat (D:3)
18 creatures vanquished.

Notes
Turn   | Place    | Note
-------+----------+-------------------------------------------
     0 | D:5      | qw the Gargoyle Delver began the quest for the Orb.
     0 | D:5      | Reached XP level 1. HP: 14/14 MP: 1/1
     0 | D:5      | 0 ||| qw: Version: 0.1-a-116-g5d60599
     0 | D:5      | 0 ||| qw: Game counter: 7566
     0 | D:5      | 0 ||| qw: Always use a shield: true
     0 | D:5      | 0 ||| qw: God list: Okawaru
     0 | D:5      | 0 ||| qw: Allow faded altars: false
     0 | D:5      | 0 ||| qw: Do Orc after D:15 true
     0 | D:5      | 0 ||| qw: Do second Lair branch before Depths: true
     0 | D:5      | 0 ||| qw: Lair rune preference: random
     0 | D:5      | 0 ||| qw: Plans: Normal
     0 | D:5      | 0 ||| PLANNING D:1-11
    30 | D:5      | 30 ||| DROPPING scroll of fog.
    31 | D:5      | 31 ||| DROPPING scroll of magic mapping.
    32 | D:5      | 32 ||| DROPPING scroll of fear.
    38 | D:4      | 38 ||| PLANNING SEWER
    40 | D:4      | Noticed a hound
    51 | D:4      | HP: 2/14 [hound (2)]
    52 | D:4      | Killed a hound
    53 | D:4      | Reached skill level 3 in Axes
    53 | D:4      | Reached XP level 2. HP: 2/19 MP: 2/2
    53 | D:4      | Reached XP level 3. HP: 3/23 MP: 3/3
   491 | D:4      | Noticed Grinder
   498 | D:4      | HP: 5/23 [Grinder (2)]
   506 | D:4      | HP: 4/23 [Grinder (2)]
   511 | D:4      | HP: 1/23 [Grinder (1)]
   519 | D:4      | Killed Grinder
   520 | D:4      | Reached XP level 4. HP: 2/28 MP: 4/4
   520 | D:4      | Reached XP level 5. HP: 3/32 MP: 5/5
   520 | D:4      | Reached XP level 6. HP: 3/37 MP: 6/6
   782 | D:4      | 782 ||| RIP SEWER
   798 | D:4      | 798 ||| PLANNING D:1-11
   886 | D:4      | 886 ||| Stepping ~*~*~tactically~*~*~ (hiding).
   988 | D:4      | 988 ||| Stepping ~*~*~tactically~*~*~ (hiding).
  1090 | D:4      | 1090 ||| Stepping ~*~*~tactically~*~*~ (hiding).
  1192 | D:4      | 1192 ||| Stepping ~*~*~tactically~*~*~ (hiding).
  1294 | D:4      | 1294 ||| Stepping ~*~*~tactically~*~*~ (hiding).
  1400 | D:4      | 1400 ||| Stepping ~*~*~tactically~*~*~ (hiding).
  1573 | D:4      | 1573 ||| DROPPING +0 mace.
  1620 | D:4      | 1620 ||| READING scroll labelled SAFANO PECK.
  1624 | D:4      | 1624 ||| READING scroll labelled HUBEUM MICH.
  1723 | D:3      | 1723 ||| Stepping ~*~*~tactically~*~*~ (stealth).
  1730 | D:3      | HP: 6/38 [gnoll bouda/+0 club (7)]
  1731 | D:3      | Slain by a gnoll bouda

Levels and vault maps discovered:
D:3:      layout_rooms, nicolae_qazlal_general_emergency,
          nzn_overflow_gifts_of_might_and_magic
D:4:      layout_loops_corners, portal_sewer_entry_e, uniq_grinder
D:5:      layout_loops_ring, bloody_makhleb, kennysheep_generic_room_14,
          uniq_edmund

Skill      XL: |  1  2  3  4  5  6 |
---------------+-------------------+-----
Axes           | 3 5 |  5.7
Fighting       | 4 |  4.0
Dodging        | |  1.5
Stealth        | |  5.4

Action                   |  1- 3 |  4- 6 || total
-------------------------+-------+-------++-------
Melee: Hand axe          |    24 |    50 ||    74
       Unarmed           |    18 |       ||    18
Throw: Boomerang         |       |    11 ||    11
  Use: Scroll            |       |     2 ||     2
 Stab: Sleeping          |     1 |       ||     1
Armor: Leather armour    |     4 |    15 ||    19
       Skin              |     2 |       ||     2
Dodge: Dodged            |    21 |    20 ||    41

Table legend:
 A = Non-vault XP
 B = Vault XP
 C = Vault XP percentage of total XP
 D = Non-vault monster count
 E = Vault monster count
 F = Vault count percentage of total count
                 A         B        C        D         E       F
            +---------+---------+-------+---------+---------+-------
      Total |     160 |     295 |  64.8 |      17 |       1 |   5.6
            +---------+---------+-------+---------+---------+-------
        D:3 |      12 |       0 |   0.0 |       6 |       0 |   0.0
        D:4 |     148 |     295 |  66.6 |      11 |       1 |   8.3
            +---------+---------+-------+---------+---------+-------
